 Dungeon Crawl Stone Soup version 0.27.0-1-g7a089689b8 (webtiles) character file.

Game seed: 590021766885571140

90 hawla the Sneak (level 4, -4/27 HPs)
             Began as a Deep Elf Delver on Aug 5, 2021.
             Was an Initiate of Kikubaaqudgha.
             Splashed by a jelly's acid (8 damage)
             ... on level 4 of the Dungeon.
             The game lasted 00:03:17 (950 turns).

hawla the Sneak (Deep Elf Delver)                    Turns: 950, Time: 00:03:18

Health: -4/27      AC: -4    Str:  9    XL:     4   Next: 32%
Magic:  7/7        EV: 12    Int: 16    God:    Kikubaaqudgha [......]
Gold:   41         SH:  0    Dex: 16    Spells: 5/5 levels left

rFire    . . .     SeeInvis .   a - +0 short sword
rCold    . . .     Faith    .   (no shield)
rNeg     . . .     Spirit   .   b - +0 leather armour
rPois    .         Reflect  .   (no helmet)
rElec    .         Harm     .   (no cloak)
rCorr    .         Rampage  .   h - +0 pair of gloves
Will     .....                  (no boots)
Stlth    +++.......             (no amulet)
HPRegen  0.09/turn              (no ring)
MPRegen  0.10/turn              (no ring)

@: corroded
A: no striking features
a: Renounce Religion


You were on level 4 of the Dungeon.
You worshipped Kikubaaqudgha.
Kikubaaqudgha was noncommittal.
You visited 2 branches of the dungeon, and saw 3 of its levels.

You collected 41 gold pieces.

Inventory:

Hand Weapons
 a - a +0 short sword (weapon)
Armour
 b - a +0 leather armour (worn)
 h - a +0 pair of gloves (worn)
Wands
 g - a wand of digging (2)
Scrolls
 c - 2 scrolls of fog
 d - a scroll of noise {unknown}
 e - a scroll of fear
 f - a scroll of identify


   Skills:
 + Level 2.9 Fighting
 + Level 2.6 Short Blades
 - Level 3.0 Dodging
 + Level 6.7 Stealth
 - Level 1.0 Spellcasting
 - Level 1.0 Necromancy
 - Level 1.0 Evocations


You had 5 spell levels left.
You didn't know any spells.
Your spell library contained the following spells:

 Spells                   Type           Power      Damage    Failure   Level
 Stone Arrow              Conj/Erth      0%         3d7       67%         3
 Agony                    Necr           4%         N/A       99%         5


Dungeon Overview and Level Annotations

Branches:
Dungeon (5/15)             Temple (1/1) D:4

Altars:
Ashenzari
Cheibriados
Dithmenos
Fedhas
Kikubaaqudgha
Nemelex Xobeh
Okawaru
Sif Muna
Trog
Wu Jian
Xom
Yredelemnul
Zin
The Shining One


Message History

Found a broken altar of Ashenzari.
Found two altars.
Found a basalt altar of Yredelemnul.
Done exploring.
Done exploring.
Done exploring.
Done exploring.
Done exploring.
There is a shimmering blue altar of Sif Muna here.
There is an ancient bone altar of Kikubaaqudgha here.
You kneel at the altar of Kikubaaqudgha.
Kikubaaqudgha welcomes you!
(D) Dungeon (T) Temple
Where to? (Enter - Temple @ (x,y), ? - help)
What level of the Dungeon? (default 4, ? - help)
There is a staircase back to the Dungeon here.
You climb upwards.
There is a staircase to the Ecumenical Temple here.
You open the door.
There is an open door here.
A jelly comes into view.
The jelly quivers.
You completely miss the jelly. The jelly closely misses you.
You hit the jelly but do no damage.
Your hands burn!
The jelly closely misses you.
You hit the jelly. The acid corrodes you!
Your hands burn!
The jelly is moderately wounded.
The jelly hits you.
You are splashed with acid!
* * * LOW HITPOINT WARNING * * *
You are too injured to fight recklessly!
You are too injured to fight recklessly!
You are too injured to fight recklessly!
You hit the jelly but do no damage.
Your hands burn!
* * * LOW HITPOINT WARNING * * *
The jelly is moderately wounded.
The jelly hits you.
* * * LOW HITPOINT WARNING * * *
The acid corrodes you!
You are splashed with acid!
You die...
Kikubaaqudgha rasps: "You have failed me!
Welcome... death!"

.##.##.#....####'####
.##....#....####.#
.#####.#.......#.#
.............#.#.#
.......##....# #.#
........#....# #.#
........#....# #.#
............##.#.#
.#####.........#@#
.##....##.#.####J#
.......##.#>...#.#
.##.#####.####.#.#
.##.# #.####.#.#
.##.# #......#.#
.##.# ########.#
.##.##### ..#
........#


You could see a jelly.

Vanquished Creatures
  A black bear (D:5)
  A howler monkey skeleton (D:5)
2 creatures vanquished.

Notes
Turn   | Place    | Note
-------+----------+-------------------------------------------
     0 | D:5      | hawla the Deep Elf Delver began the quest for the Orb.
     0 | D:5      | Reached XP level 1. HP: 13/13 MP: 3/3
    17 | D:5      | Noticed a black bear
   278 | D:4      | Found an ornate altar of the Wu Jian Council.
   278 | D:4      | Noticed a black bear
   329 | D:5      | Killed a black bear
   330 | D:5      | Reached skill level 1 in Spellcasting
   330 | D:5      | Reached skill level 1 in Necromancy
   330 | D:5      | Reached skill level 1 in Evocations
   330 | D:5      | Reached XP level 2. HP: 14/18 MP: 3/5
   330 | D:5      | Reached XP level 3. HP: 17/22 MP: 3/6
   330 | D:5      | Reached XP level 4. HP: 21/27 MP: 3/7
   373 | D:5      | Noticed an ice beast
   423 | D:5      | HP: 1/27 [white imp/puff of frost (11)]
   772 | D:4      | Got the Volume of Unholy Stones
   777 | D:4      | Found a staircase to the Ecumenical Temple.
   784 | Temple   | Entered the Ecumenical Temple
   924 | Temple   | Became a worshipper of Kikubaaqudgha
   950 | D:4      | Splashed by a jelly's acid

Illustrated notes

Levels and vault maps discovered:
D:4:      layout_basic, nicolae_gozag_cash_rules_everything_around_me,
          mainiacjoe_overflow_small_starburst, temple_green
D:5:      minmay_inner_zag, layout_loops_ring, vehumet_altar_wand_db,
          nzn_random_ring
Temple:   dshaligram_water_room_temple

Skill      XL: |  1 |
---------------+----+-----
Dodging        | 3 |  3.0
Spellcasting   | 1 |  1.0
Necromancy     | 1 |  1.0
Evocations     | 1 |  1.0
Fighting       | |  2.9
Short Blades   | |  2.6
Stealth        | |  6.7

Action                   |  1- 3 |  4- 6 || total
-------------------------+-------+-------++-------
Melee: Short sword       |     4 |    12 ||    16
Evoke: Wand              |     1 |       ||     1
  Use: Potion            |     1 |     1 ||     2
       Scroll            |       |     2 ||     2
 Stab: Sleeping          |     1 |       ||     1
Armor: Leather armour    |     2 |       ||     2
Dodge: Dodged            |     1 |     9 ||    10
